 Dungeon Crawl Stone Soup version 0.29.1-12-g30fa7ad0bf (webtiles) character file.

Game seed: 2689309298820765690

21254 ElPolloHermano the Bludgeoner (level 12, -3/108 HPs)
             Began as a Minotaur Fighter on Dec 19, 2022.
             Was the Champion of Okawaru.
             Slain by a merfolk
             ... wielding a +0 trident
             ... led by a merfolk aquamancer
              (5 damage)
             ... on level 1 of the Shoals on Jan 10, 2023.
             The game lasted 00:37:55 (9008 turns).

ElPolloHermano the Bludgeoner (Minotaur Fighter)    Turns: 9008, Time: 00:37:56

Health: -3/108     AC: 22    Str: 24    XL:     12   Next: 52%
Magic:  11/11      EV:  8    Int:  5    God:    Okawaru [******]
Gold:   821        SH:  0    Dex: 16    Spells: 11/11 levels left

rFire   . . .      SeeInvis +   C - +4 morningstar (freeze)
rCold   . . .      Faith    .   c - +0 buckler
rNeg    . . .      Spirit   .   F - +1 plate armour
rPois   .          Reflect  +   G - +2 hat {SInv}
rElec   .          Harm     .   h - +1 cloak of the Onion {Regen+ Dex+4}
rCorr   .          Rampage  .   l - +0 pair of gloves
Will    .....                   (no boots)
Stlth   ..........              N - amulet of reflection
HPRegen 1.08/turn               e - +4 ring of slaying
MPRegen 0.12/turn               j - ring of Shadows {Umbra +Inv Stlth+}

@: confused, weak-willed, ambrosia-drunk, mesmerised, wreathed by umbra, very
slow
A: horns 2, retaliatory headbutt
a: Renounce Religion, Evoke Invisibility, Heroism, Finesse, Duel


You were on level 1 of the Shoals.
You worshipped Okawaru.
Okawaru was exalted by your worship.
You visited 4 branches of the dungeon, and saw 13 of its levels.
You also visited: Ossuary.

You collected 821 gold pieces.

Inventory:

Hand Weapons
 a - a +4 quick blade
 f - a +2 flail of protection
 C - a +4 morningstar of freezing (weapon)
 M - the +8 great mace "Zitauh" {antimagic, Int+4}
   (You took it off an ogre on level 7 of the Dungeon)

   It reduces the magical energy of the wielder, and disrupts the spells and
   magical abilities of those it strikes.
   Natural abilities and divine invocations are not affected.
   Int:       It affects your intelligence (+4).
Missiles
 I - 3 throwing nets (quivered)
Armour
 c - a +0 buckler (worn)
 h - the +1 cloak of the Onion (worn) {Regen+ Dex+4}
   (You found it on level 2 of the Dungeon)

   Dex:       It affects your dexterity (+4).
   Regen:     It increases your rate of health regeneration.
 l - a +0 pair of gloves (worn)
 F - a +1 plate armour (worn)
 G - a +2 hat of see invisible (worn)
 S - an orb of mayhem
Jewellery
 e - a +4 ring of slaying (left hand)
 j - the ring of Shadows (right hand) {Umbra +Inv Stlth+}
   (You found it on level 1 of the Lair of Beasts)

   [ring of stealth]

   It surrounds you with an aura of shadow, increasing your stealth and reducing
   the accuracy of all others within it.
   +Inv:      It lets you turn invisible.
   Stlth:     It makes you more stealthy.
 N - an amulet of reflection (around neck)
 O - a ring of poison resistance
Wands
 m - a wand of digging (14)
 E - a wand of iceblast (15)
 L - a wand of polymorph (2)
 P - a wand of paralysis (4)
 R - a wand of flame (26)
Scrolls
 i - a scroll of noise {unknown}
 k - 2 scrolls of silence {unknown}
 q - 2 scrolls of magic mapping
 t - 3 scrolls of teleportation
 v - 2 scrolls of blinking
 x - 5 scrolls of poison
 y - 3 scrolls of fog {unknown}
 B - 3 scrolls of vulnerability {unknown}
 D - 2 scrolls of amnesia {unknown}
 H - a scroll of immolation {unknown}
 J - a scroll of summoning {unknown}
Potions
 b - 3 potions of heal wounds {unknown}
 d - 3 potions of might
 g - 3 potions of degeneration
 n - 3 potions of curing
 o - 3 potions of invisibility {unknown}
 p - 3 potions of ambrosia
 r - a potion of flight {unknown}
 s - 2 potions of magic
 u - 4 potions of mutation
 w - a potion of haste {unknown}
 z - a potion of attraction {unknown}
 A - a potion of lignification
 K - 2 potions of berserk rage {unknown}
 Q - a potion of brilliance {unknown}


   Skills:
 + Level 10.7 Fighting
 + Level 2.9 Long Blades
 * Level 17.9 Maces & Flails
 + Level 11.4 Armour
 + Level 2.5 Dodging
 + Level 1.3 Stealth
 + Level 8.8 Shields


You had 11 spell levels left.
You didn't know any spells.
Your spell library contained the following spells:

 Spells                   Type           Power      Damage    Failure   Level
 Magic Dart               Conj           0%         1d3       100%        1
 Ensorcelled Hibernation  Hex/Ice        0%         N/A       100%        2
 Searing Ray              Conj           0%         2d4       100%        2
 Gell's Gravitas          Tloc           0%         N/A       100%        3
 Mephitic Cloud           Conj/Pois/Air  0%         N/A       100%        3
 Spider Form              Tmut/Pois      0%         N/A       100%        3
 Teleport Other           Tloc           0%         N/A       100%        3
 Anguish                  Hex/Necr       0%         N/A       100%        4
 Fulminant Prism          Conj/Hex       0%         3d6       100%        4
 Hailstorm                Conj/Ice       0%         3d3       100%        4
 Ice Form                 Ice/Tmut       0%         N/A       100%        4
 Petrify                  Tmut/Erth      0%         N/A       100%        4
 Fireball                 Conj/Fire      0%         3d3       100%        5
 Iskenderun's Battlesphe  Conj           0%         2d6       100%        5
 Metabolic Englaciation   Hex/Ice        0%         N/A       100%        5
 Conjure Ball Lightning   Conj/Air       0%         3x3d6     100%        6
 Dispersal                Tloc           0%         N/A       100%        6
 Statue Form              Tmut/Erth      0%         N/A       100%        6
 Orb of Destruction       Conj           0%         9d5       100%        7
 Call Imp                 Summ           Unusable   N/A       N/A         2
 Simulacrum               Ice/Necr       Unusable   N/A       N/A         6

Dungeon Overview and Level Annotations

Branches:
Dungeon (8/15)             Temple (1/1) D:7            Lair (3/5) D:8
 Shoals (1/4) Lair:3      Ossuary (visited)
  Snake: Lair:2-3    Spider: Lair:2-3

Altars:
Ashenzari
Cheibriados
Dithmenos
Elyvilon
Fedhas
Gozag
Kikubaaqudgha
Makhleb
Nemelex Xobeh
Okawaru
Qazlal
Sif Muna
Trog
Uskayaw
Vehumet
Wu Jian
Xom
Yredelemnul
The Shining One

Shops:
D:2 *   D:8 (   Shoals:1 (


Innate Abilities, Weirdness & Mutations

You have a pair of horns on your head.
You reflexively headbutt those who attack you in melee.


Message History

You feel more invigorated.
The fire bat bites you but does no damage. x2
The faun unwields a +0 sling.
The faun wields a +0 spear.
The faun hits you with a +0 spear.
* * * LOW HITPOINT WARNING * * *
The merfolk avatar chants its luring song.
The merfolk barely misses you.
The merfolk throws a boomerang.
The boomerang hits you but does no damage.
The merfolk aquamancer barely misses you.
Okay, then.
The merfolk aquamancer attacks as you move away!
The merfolk aquamancer hits you but does no damage.
The pull of its song draws you forwards.
Found 5 gold pieces.
The fire bat bites you but does no damage. x2
The merfolk avatar chants its luring song.
The fire crab closely misses you. The fire crab barely misses you.
The faun unwields a +0 spear.
The faun wields a +0 sling.
The faun shoots a sling bullet.
The sling bullet hits you but does no damage.
A merfolk comes into view.
It is wielding a +1 spear of flaming and wearing a +0 robe of fire resistance.
The fire crab closely misses you.
The fire crab splashes around in the water.
The merfolk barely misses you.
A merfolk comes into view.
It is wielding a +0 spear of flaming and wearing a +0 buckler of fire resistance.
The fire bat bites you but does no damage.
The merfolk aquamancer hits you but does no damage.
The pull of its song draws you forwards.
The fire bat bites you but does no damage. x2
The merfolk hits you from afar with a +0 trident.
* * * LOW HITPOINT WARNING * * *
The merfolk avatar chants its luring song.
The fire crab bites you but does no damage.
The fire crab splashes around in the water.
The merfolk hits you from afar with a +0 trident!
* * * LOW HITPOINT WARNING * * *
The merfolk aquamancer hits you with a +0 rapier!
* * * LOW HITPOINT WARNING * * *
The merfolk hits you from afar with a +0 trident.
You die...

.........~~~..<...∩....#
.........P..........).##
.........P~.........)..#
.m.....P...........)....
.....P....~.............
..........~~P.........P.
~~m~~~mm.~~~~~.~~P~~P.P.
##.~~~mcP~P~~~~~≈≈~~~..
#..#..m@~~~~≈≈≈≈≈≈~~PP~.
. #.#.t~PPP~~~~~~~~P~P.
...b.~~~~~~~~~~~~~~~~~
(≈≈$.##b~~~~~~~~~~~..~≈≈
≈≈≈≈. .#~P~~~~~~~ .~~~~≈
≈≈≈≈ ..#~P~~~P~~ .P~~~
$≈≈/ ##.~~~~~~~. ~ ...
~~~~~~~.. ~ ~


You could see a merfolk avatar (mesmerising), a merfolk aquamancer, 4 merfolk, a
fire crab, a faun and 2 fire bats.

Vanquished Creatures
  2 hydras
  A catoblepas (Lair:2)
  A two-headed ogre (D:7)
  2 manticores (Shoals:1)
  3 fauns (Shoals:1)
  6 elephants (Lair:1)
  A black mamba (Lair:1)
  10 cane toads
  6 komodo dragons
  A queen bee (Lair:1)
  A troll (D:7)
  The ghost of AbrileMaio the Covert, a novice SpEn (D:7)
  A blink frog (Lair:2)
  A dream sheep (Lair:2)
  A snapping turtle (Shoals:1)
  A shadow (D:7)
  3 water elementals (Shoals:1)
  4 wyverns
  A steam dragon (D:7)
  7 yaks
  A basilisk (Lair:1)
  A fire bat (Shoals:1)
  2 hell hounds (Lair:2)
  2 sky beasts
  11 water moccasins
  4 ice beasts
  An orc warrior (D:8)
  3 ogres (D:7)
  A wolf (Lair:1)
  4 centaurs
  A phantom (D:5)
  2 kobold brigands
  10 bullfrogs
  2 gnoll sergeants
  4 scorpions
  3 wights (D:5)
  26 killer bees
  A howler monkey (D:7)
  2 centaur zombies (Ossuary)
  3 jellies
  5 orc priests
  3 hounds
  4 human zombies (Ossuary)
  2 quasits (D:8)
  2 gnoll boudas
  Jessica (D:2)
  4 orc wizards
  4 iguanas
  A hell rat (Lair:1)
  2 mummies (Ossuary)
  20 gnolls
  8 adders
  2 shadow imps
  8 white imps
  7 ufetubi
  2 worms (D:2)
  3 dart slugs
  19 orcs
  8 bats
  6 endoplasms
  2 giant cockroaches (D:1)
  11 goblins
  6 hobgoblins
  9 jackals
  8 kobolds
  2 quokkas (D:1)
  10 ball pythons
  2 frilled lizards (D:1)
  3 goblin zombies
  8 hobgoblin zombies (Ossuary)
  A jackal zombie (Ossuary)
  13 kobold zombies (Ossuary)
  5 orc zombies (Ossuary)
  5 rats
  3 rat zombies
337 creatures vanquished.

Vanquished Creatures (others)
  A demonic plant (D:8)
  2 fungi
  51 plants
54 creatures vanquished.

Grand Total: 391 creatures vanquished

Notes
Turn   | Place    | Note
-------+----------+-------------------------------------------
     0 | D:1      | ElPolloHermano the Minotaur Fighter began the quest for the
                  | Orb.
     0 | D:1      | Reached XP level 1. HP: 19/19 MP: 0/0
    25 | D:1      | Reached XP level 2. HP: 27/27 MP: 1/1
   265 | D:1      | Reached XP level 3. HP: 26/33 MP: 2/2
   402 | D:1      | You fall into a shaft and drop 1 floor!
   422 | D:2      | Noticed Jessica
   428 | D:2      | Killed Jessica
   429 | D:2      | Reached skill level 1 in Maces & Flails
   429 | D:2      | Found Femez's Assorted Antiques.
   449 | D:2      | Reached XP level 4. HP: 38/41 MP: 3/3
   451 | D:2      | Identified the +1 cloak of the Onion {Regen+ Dex+4}
  1215 | D:2      | Found a burning altar of Makhleb.
  1357 | D:2      | Reached skill level 2 in Maces & Flails
  1590 | D:3      | Found a faded altar of an unknown god.
  1712 | D:3      | Reached skill level 3 in Maces & Flails
  1712 | D:3      | Reached XP level 5. HP: 47/47 MP: 4/4
  2025 | D:4      | Reached skill level 5 in Armour
  2149 | D:4      | Reached skill level 4 in Maces & Flails
  2553 | D:5      | Entered Level 5 of the Dungeon
  2555 | D:5      | Reached XP level 6. HP: 53/53 MP: 5/5
  2613 | D:5      | Reached skill level 5 in Maces & Flails
  2639 | D:5      | Found a sand-covered staircase.
  2666 | Ossuary  | Entered an ossuary
  2801 | Ossuary  | Reached skill level 6 in Maces & Flails
  2812 | Ossuary  | Reached skill level 1 in Dodging
  2812 | Ossuary  | Reached XP level 7. HP: 60/60 MP: 6/6
  2917 | D:5      | Reached skill level 5 in Fighting
  3101 | D:5      | Reached skill level 7 in Maces & Flails
  3459 | D:5      | Reached skill level 8 in Maces & Flails
  3465 | D:5      | Reached XP level 8. HP: 66/68 MP: 7/7
  3777 | D:6      | Reached skill level 9 in Maces & Flails
  4085 | D:6      | Reached skill level 10 in Maces & Flails
  4122 | D:6      | Reached skill level 5 in Shields
  4524 | D:7      | Reached XP level 9. HP: 18/74 MP: 8/8
  4619 | D:7      | Reached skill level 11 in Maces & Flails
  4621 | D:7      | Noticed a troll
  4625 | D:7      | Noticed a two-headed ogre
  4630 | D:7      | Killed a troll
  4877 | D:7      | Found a transporter.
  4877 | D:7      | Noticed AbrileMaio's ghost (novice SpEn)
  4893 | D:7      | Identified the +8 great mace "Zitauh" {antimagic, Int+4}
  4938 | D:7      | Found a staircase to the Ecumenical Temple.
  4950 | Temple   | Entered the Ecumenical Temple
  4979 | Temple   | Became a worshipper of Warmaster Okawaru
  5189 | D:7      | Found a transporter.
  5202 | D:7      | Reached skill level 12 in Maces & Flails
  5208 | D:7      | Killed AbrileMaio's ghost
  5257 | D:7      | Killed a two-headed ogre
  5257 | D:7      | Reached * piety under Okawaru
  5258 | D:7      | Reached skill level 13 in Maces & Flails
  5259 | D:7      | Reached ** piety under Okawaru
  5333 | D:7      | Reached XP level 10. HP: 82/84 MP: 9/9
  5641 | D:8      | Found a staircase to the Lair.
  6053 | D:8      | Found Doavoisu's Weapon Shoppe.
  6392 | Lair:1   | Entered Level 1 of the Lair of Beasts
  6519 | Lair:1   | Noticed a cane toad
  6529 | Lair:1   | Killed a cane toad
  6530 | Lair:1   | Reached skill level 14 in Maces & Flails
  6577 | Lair:1   | Noticed a cane toad
  6594 | Lair:1   | Killed a cane toad
  6594 | Lair:1   | Reached *** piety under Okawaru
  6598 | Lair:1   | Received a gift from Okawaru
  6722 | Lair:1   | Noticed a cane toad
  6728 | Lair:1   | Killed a cane toad
  6818 | Lair:1   | Reached skill level 15 in Maces & Flails
  6846 | Lair:1   | Reached **** piety under Okawaru
  7047 | Lair:1   | Noticed a six-headed hydra
  7048 | Lair:1   | Noticed a black mamba
  7061 | Lair:1   | Killed a six-headed hydra
  7062 | Lair:1   | Reached XP level 11. HP: 92/94 MP: 10/10
  7190 | Lair:1   | Reached ***** piety under Okawaru
  7254 | Lair:1   | Received a gift from Okawaru
  7255 | Lair:1   | Reached skill level 16 in Maces & Flails
  7347 | Lair:1   | Reached skill level 10 in Armour
  7443 | Lair:1   | Found the ring of Shadows {Umbra +Inv Stlth+}
  7676 | Lair:2   | Noticed a catoblepas
  7702 | Lair:2   | Killed a catoblepas
  7797 | Lair:2   | Reached skill level 17 in Maces & Flails
  8050 | Lair:2   | Reached XP level 12. HP: 106/106 MP: 11/11
  8153 | Lair:2   | Noticed a five-headed hydra
  8159 | Lair:2   | Killed a five-headed hydra
  8159 | Lair:2   | Received a gift from Okawaru
  8160 | Lair:2   | Reached skill level 10 in Fighting
  8454 | Lair:2   | Reached skill level 1 in Stealth
  8760 | Lair:3   | Found a staircase to the Shoals.
  8779 | Shoals:1 | Entered Level 1 of the Shoals
  8779 | Shoals:1 | Found Mougyst's Antique Weapon Boutique.
  8938 | Shoals:1 | Reached ****** piety under Okawaru
  8989 | Shoals:1 | Noticed a merfolk avatar
  8992 | Shoals:1 | Noticed a merfolk aquamancer
  9008 | Shoals:1 | HP: 2/108 [merfolk aquamancer/+0 rapier (11)]
  9008 | Shoals:1 | Slain by a merfolk

Illustrated notes

Levels and vault maps discovered:
D:1:      mrwooster_arrival_statue_3, layout_basic
D:2:      layout_basic, basic_altar, serial_shops, shop, minmay_misc_feat_rows,
          hangedman_decor_clover_reticule, uniq_jessica
D:3:      layout_basic, basic_ecumenical_altar
D:4:      layout_basic
D:5:      layout_gridville, enter_ossuary_4
D:6:      minmay_evil_eye, layout_loops_corners
D:7:      layout_rooms, minmay_temple_entry_statues_fountains,
          gammafunk_ghost_smash, minmay_chambers_of_fives
D:8:      layout_basic, lair_entry_dummy, serial_demonic, serial_demonic_d,
          serial_demonic_f, serial_demonic_b, serial_demonic_d,
          serial_demonic_f, serial_shops, shop
Temple:   hellmonk_temple_of_storms
Lair:1:   layout_roguey, special_room [special_room_bee], serial_bayou_pond_b,
          st_stairs_8, chequers_serial_rivers_micro_b, nzn_random_ring,
          grunt_megastairs_5
Lair:2:   layout_long_grid, enter_volcano_3, guppyfry_lair_drakes,
          wad_woods_river_01
Lair:3:   layout_regular_city, minmay_shoals_entry_centaurs, dummy_snake_entry,
          ebering_ghost_inner_flame, grunt_megastairs_4
Shoals:1: cheibrodos_shoals_gigantism, layout_shoals, serial_shops,
          nicolae_square_shop, shop_fountains, nicolae_shop_advertising_works
          [nicolae_subvault_shop_adworks], shop, hangedman_shoal_volcano

Skill      XL: |  1  2  3  4  5  6  7  8  9 10 11 12 |
---------------+-------------------------------------+-----
Armour         | 4 5 6 8 9 10 11 | 11.4
Fighting       | 4 5 6 8 9 10 | 10.7
Shields        | 4 5 6 8 |  8.8
Maces & Flails | 1 3 4 6 8 10 13 15 17 | 17.9
Dodging        | 1 2 |  2.5
Stealth        | 1 |  1.3
Long Blades    | |  2.9

Action                   |  1- 3 |  4- 6 |  7- 9 | 10-12 || total
-------------------------+-------+-------+-------+-------++-------
Melee: Long sword        |    13 |       |       |       ||    13
       Headbutt          |     5 |    21 |    38 |    86 ||   150
       Flail             |    14 |   160 |    65 |       ||   239
       Morningstar       |       |       |   121 |   407 ||   528
  Use: Scroll            |       |     4 |     5 |     2 ||    11
       Potion            |       |       |     2 |     2 ||     4
Armor: Scale mail        |     9 |    81 |    30 |       ||   120
       Chain mail        |       |       |    12 |       ||    12
       Plate armour      |       |       |    65 |   238 ||   303
Dodge: Dodged            |    14 |    85 |    64 |   123 ||   286
Block: Buckler           |     4 |    39 |    38 |   185 ||   266
       Reflection        |       |       |       |    10 ||    10
